 Dungeon Crawl Stone Soup version 0.18.1-50-g88ac8fd (webtiles) character file.

54 daweed the Cudgeler (level 3, -16/36 HPs)
             Began as a Troll Berserker on Sept 18, 2016.
             Was a Believer of Trog.
             Killed from afar by Ijyb (22 damage)
             ... with a wand of lightning
             ... on level 2 of the Dungeon.
             The game lasted 00:13:37 (1147 turns).

daweed the Cudgeler (Troll Berserker)               Turns: 1147, Time: 00:13:38

Health: -16/36     AC:  5    Str: 26    XL:     3   Next: 66%
Magic:  2/2        EV: 10    Int:  3    God:    Trog [**....]
Gold:   68         SH:  0    Dex:  9    Spells: 0 memorised, 2 levels left

rFire  . . .     SeeInvis .     a - +0 mace
rCold  . . .     Gourm    +     b - +0 animal skin
rNeg   . . .     Faith    .     (no shield)
rPois  .         Spirit   .     (helmet restricted)
rElec  .         Dismiss  .     (no cloak)
rCorr  .         Reflect  .     (gloves unavailable)
SustAt .         Harm     .     (boots unavailable)
MR     ++...                    (no amulet)
Stlth  +.........               (no ring)
                                (no ring)

@: regenerating, very resistant to hostile enchantments, very unstealthy
A: unfitting armour, claws 3, fast metabolism 3, gourmand, regeneration 2,
shaggy fur 1, tough skin 2
a: Berserk, Trog's Hand, Burn Spellbooks, Renounce Religion


You were on level 2 of the Dungeon.
You worshipped Trog.
Trog was pleased with you.
You were very full.

You visited 1 branch of the dungeon, and saw 3 of its levels.

You collected 68 gold pieces.

Inventory:

Hand Weapons
 a - a +0 mace (weapon)
 i - a +0 whip
 j - a +0 whip
 m - a +0 hunting sling
 n - a +0 short sword
 o - a +0 long sword
 w - a +1 dagger of speed
Missiles
 d - 43 stones (quivered)
 k - 16 bolts
Armour
 b - a +0 animal skin (worn)
 e - a +0 cloak
 g - a +0 ring mail
 l - a +0 chain mail
 v - a cursed +0 helmet
Scrolls
 f - a scroll of random uselessness {unknown}
 h - 4 scrolls of identify {unknown}
 p - a scroll of enchant armour {unknown}
 r - a scroll of magic mapping {unknown}
 s - a scroll of teleportation {unknown}
Potions
 u - a potion of magic {unknown}
Comestibles
 c - 5 bread rations
 q - a slice of pizza
 t - 7 chunks of flesh


   Skills:
 + Level 2.9 Fighting
 + Level 3.0 Maces & Flails
 + Level 0.6 Throwing
 + Level 3.0 Dodging


You had 2 spell levels left.
You didn't know any spells.

Dungeon Overview and Level Annotations

Branches:
Dungeon (3/15)

Altars:
The Shining One

Annotations:
D:2 Ijyb


Innate Abilities, Weirdness & Mutations

You are too large for most types of armour.
You have claws for hands.
Your metabolism is lightning-fast.
You like to eat raw meat.
You heal very quickly.
You are covered in fur (AC +1).
You have very tough skin (AC +2).


Message History

Ijyb hits you with a dagger. The rat closely misses you.
You thump Ijyb!
Ijyb is heavily wounded.
Ijyb hits you but does no damage. The rat bites you.
You barely miss Ijyb.
Ijyb is heavily wounded.
Ijyb zaps a wand.
The bolt of lightning hits you!
Ouch! That really hurt!
* * * LOW HITPOINT WARNING * * *
The rat bites you but does no damage. Ijyb barely misses you.
The rat bites you but does no damage.
Your skin crawls.
You feel resistant to hostile enchantments.
You feel slightly less full. The rat bites you but does no damage.
You found a teleport trap!
Ijyb zaps a wand.
The bolt of lightning hits the rat.
The rat dies!
The bolt of lightning hits you!
Ouch! That really hurt!
You die...

#.# .# #... #.# #.
.# ##.. #.# #. .#
#.# #.# .. .# #.#
#.# #. .#### #.# #.
....#.. ..# #.
####...<.## #.#
#.###.>........ ..#
#.@.†g.......## ###
......^....###......
############ ######


You could see Ijyb.

Vanquished Creatures
  Robin (D:2)
  2 worms (D:2)
  A dart slug (D:1)
  2 giant cockroaches
  9 goblins
  6 hobgoblins
  2 bats
  2 giant newts (D:1)
  8 kobolds
  3 rats
36 creatures vanquished.

Vanquished Creatures (others)
  A rat (D:2)
1 creature vanquished.

Grand Total: 37 creatures vanquished

Notes
Turn   | Place    | Note
--------------------------------------------------------------
     0 | D:1      | daweed the Troll Berserker began the quest for the Orb.
     0 | D:1      | Reached XP level 1. HP: 22/22 MP: 0/0
   134 | D:1      | Reached XP level 2. HP: 29/29 MP: 1/1
   593 | D:2      | Found a glowing golden altar of the Shining One.
   839 | D:2      | Reached XP level 3. HP: 18/36 MP: 2/2
   924 | D:2      | Reached ** piety under Trog
   996 | D:2      | Noticed Robin
  1023 | D:2      | Killed Robin
  1133 | D:2      | Noticed Ijyb
  1142 | D:2      | HP: 1/36 [Ijyb/wand of lightning (18)]
  1147 | D:2      | Killed from afar by Ijyb

Skill      XL: |  1  2  3 |
---------------+----------+-----
Maces & Flails | 3 |  3.0
Dodging        | 3 |  3.0
Fighting       | |  2.9
Throwing       | |  0.6

Action                   || total
-------------------------++-------
Melee: Mace              ||   121
Throw: Stone             ||    19
Invok: Berserk           ||     2
       Trog's Hand       ||     1
  Use: Potion            ||     1
  Eat: Chunk             ||    18
Armor: Animal skin       ||    31
Dodge: Dodged            ||    68
